 Dungeon Crawl Stone Soup version 0.28.0-45-g0d030f2227 (webtiles) character file.

Game seed: 16841728899969167015

155 Bruhh the Skirmisher (level 5, -4/46 HPs)
             Began as a Human Fighter on Apr 22, 2022.
             Slain by a gnoll
             ... wielding a +0 flail
              (6 damage)
             ... on level 2 of the Dungeon.
             The game lasted 00:06:03 (4402 turns).

Bruhh the Skirmisher (Human Fighter)                Turns: 4402, Time: 00:06:04

Health: -4/46      AC:  6    Str: 18    XL:     5   Next: 63%
Magic:  5/5        EV:  9    Int:  8    God:
Gold:   79         SH:  4    Dex: 13    Spells: 4/4 levels left

rFire   . . .      SeeInvis .   k - +1 short sword (holy)
rCold   . . .      Faith    .   c - +0 buckler
rNeg    . . .      Spirit   .   b - +0 scale mail
rPois   .          Reflect  .   (no helmet)
rElec   .          Harm     .   (no cloak)
rCorr   .          Rampage  .   (no gloves)
Will    .....                   (no boots)
Stlth   ..........              (no amulet)
HPRegen 0.15/turn               (no ring)
MPRegen 0.09/turn               (no ring)

@: no status effects
A: no striking features
a: no special abilities


You were on level 2 of the Dungeon.
You visited 1 branch of the dungeon, and saw 3 of its levels.

You collected 79 gold pieces.

Inventory:

Hand Weapons
 a - a +0 war axe
 k - a +1 short sword of holy wrath (weapon)
Armour
 b - a +0 scale mail (worn)
 c - a +0 buckler (worn)
Jewellery
 i - a ring of wizardry
Scrolls
 e - 4 scrolls of magic mapping {unknown}
 g - a scroll of immolation {unknown}
 h - a scroll of enchant weapon {unknown}
 j - a scroll of identify {unknown}
 n - a scroll of fear {unknown}
Potions
 d - a potion of might
 f - a potion of curing {unknown}
 l - a potion of attraction {unknown}
 m - a potion of brilliance {unknown}


   Skills:
 * Level 5.9 Fighting
 - Level 2.0 Axes
 - Level 3.0 Armour
 - Level 3.0 Shields


You had 4 spell levels left.
You didn't know any spells.
Your spell library was empty.

Dungeon Overview and Level Annotations

Branches:
Dungeon (3/15)

Altars:


Message History

The gnoll is almost dead.
The gnoll hits you with a +0 flail.
* * * LOW HITPOINT WARNING * * *
You block the gnoll's attack. The gnoll hits you but does no damage.
You hit the gnoll.
You kill the gnoll!
The gnoll hits you with a +0 flail.
* * * LOW HITPOINT WARNING * * *
You see here a +0 flail.
You block the gnoll's attack. The gnoll closely misses you.
You block the gnoll's attack.
You hit the gnoll.
The gnoll is lightly wounded.
You block the gnoll's attack. The gnoll barely misses you.
You hit the gnoll.
The gnoll is moderately wounded.
You block the gnoll's attack.
You barely miss the gnoll.
The gnoll is moderately wounded.
The gnoll hits you with a +0 flail!
You completely miss the gnoll.
The gnoll is moderately wounded.
The gnoll hits you with a +0 flail!
* * * LOW HITPOINT WARNING * * *
You hit the gnoll.
The gnoll is heavily wounded.
The gnoll hits you with a +0 flail.
* * * LOW HITPOINT WARNING * * *
You completely miss the gnoll.
The gnoll is heavily wounded.
The gnoll hits you with a +0 flail.
* * * LOW HITPOINT WARNING * * *
You barely miss the gnoll.
The gnoll is heavily wounded.
The gnoll barely misses you.
You hit the gnoll but do no damage.
The gnoll is heavily wounded.
The gnoll hits you with a +0 flail.
You die...

#......#
#..###.......#.#
#......#####..#
#####.###.#
#.#.......)...#
#.###.#
..........###.#
#.†...#
..#..#.##.###.####
#######
..#.(#(##........#
..#..#.##..##....#
..#..#.##..###########
..#..#.##..##...@g...#
..#..#.##..##.######.#
..#.†#.##..##.######.#
.....#)##..##.....##g#
.#...#.##..##.....##.#
.#.........##.....##.#
.#.#..≈≈≈≈..#.######.#
.#.#.≈≈≈≈≈≈.#.#
#.#######
.#.#.≈≈≈≈≈≈.#.#
#.##....#


You could see a gnoll.

Vanquished Creatures
  An orc priest (D:2)
  2 gnolls
  3 adders (D:2)
  2 dart slugs
  4 orcs
  3 ball pythons
  6 bats
  10 endoplasms
  2 giant cockroaches
  3 goblins
  8 hobgoblins
  2 jackals (D:1)
  A quokka (D:1)
  7 frilled lizards
  7 kobolds
  7 rats
68 creatures vanquished.

Notes
Turn   | Place    | Note
-------+----------+-------------------------------------------
     0 | D:1      | Bruhh the Human Fighter began the quest for the Orb.
     0 | D:1      | Reached XP level 1. HP: 18/18 MP: 1/1
   357 | D:1      | Reached XP level 2. HP: 18/24 MP: 2/2
   718 | D:1      | Reached skill level 4 in Fighting
   718 | D:1      | Reached XP level 3. HP: 29/30 MP: 3/3
  1196 | D:2      | Reached XP level 4. HP: 35/38 MP: 4/4
  1884 | D:2      | Reached skill level 5 in Fighting
  1884 | D:2      | Reached XP level 5. HP: 35/44 MP: 5/5
  2796 | D:2      | HP: 2/46 [frozen (3)]
  4400 | D:2      | HP: 2/46 [gnoll/+0 flail (6)]
  4402 | D:2      | Slain by a gnoll

Illustrated notes

Levels and vault maps discovered:
D:1:      minmay_arrival_cross, layout_loops_ring
D:2:      layout_basic, minmay_lizard_pond
D:3:      layout_loops_ring, cheibrodos_sewer_entry_bend, uniq_jessica

Skill      XL: |  1  2  3  4 |
---------------+-------------+-----
Fighting       | 4 5 |  5.9
Axes           | |  2.0
Armour         | |  3.0
Shields        | |  3.0

Action                   |  1- 3 |  4- 6 || total
-------------------------+-------+-------++-------
Melee: War axe           |    94 |       ||    94
       Short sword       |    20 |   135 ||   155
Armor: Scale mail        |    47 |    45 ||    92
Dodge: Dodged            |    69 |    60 ||   129
Block: Buckler           |    31 |    38 ||    69
